 Dungeon Crawl Stone Soup version 0.30.1-11-g7821555f0a (webtiles) character file.

Game seed: 15671879103850397177

417 Azazsd the Trooper (level 6, -2/50 HPs)
             Began as a Demonspawn Chaos Knight on Dec 24, 2023.
             Was a Plaything of Xom.
             Slain by a broodmother (shapeshifter) (5 damage)
             ... on level 4 of the Dungeon.
             The game lasted 00:07:40 (3148 turns).

Azazsd the Trooper (Demonspawn Chaos Knight)        Turns: 3148, Time: 00:07:40

Health: -2/50      AC:  8    Str: 15    XL:     6   Next: 61%
Magic:  6/6        EV: 12    Int: 13    God:    Xom [...*..]
Gold:   239        SH:  4    Dex: 12    Spells: 5/5 levels left

rFire   . . .        a - +0 hand axe (chaos)
rCold   . . .        (no shield)
rNeg    . . .        b - +2 leather armour
rPois   +            o - +1 hat {Will+}
rElec   +            (no cloak)
rCorr   .            (no gloves)
SInv    .            (no boots)
Will    +....        (no amulet)
Stlth   +            (no ring)
HPRegen 0.28/turn    (no ring)
MPRegen 0.10/turn

%: no passive effects
@: mighty
A: icy blue scales 1, foul stench 2, condensation shield, horns 1, passive
freeze, poison resistance, electricity resistance, wild magic 1
a: Renounce Religion


You were on level 4 of the Dungeon.
You worshipped Xom.
You were a favourite toy of Xom.
You visited 1 branch of the dungeon, and saw 4 of its levels.

You collected 239 gold pieces.

Inventory:

Hand Weapons
 a - a +0 hand axe of chaos (weapon)
Armour
 b - a +2 leather armour (worn)
 o - a +1 hat of willpower (worn)
Jewellery
 p - an amulet of faith
Scrolls
 d - a scroll of poison {unknown}
 e - 2 scrolls of fear
 f - 2 scrolls of identify {unknown}
 j - a scroll of teleportation {unknown}
 l - a scroll of immolation {unknown}
 n - a scroll of enchant weapon {unknown}
 q - a scroll of summoning {unknown}
Potions
 g - a potion of resistance {unknown}
 h - 2 potions of brilliance {unknown}
 i - a potion of magic {unknown}
 k - 2 potions of might
 m - a potion of heal wounds {unknown}
Miscellaneous
 c - a piece from Xom's chessboard (15/15) (quivered)


   Skills:
 * Level 4.9 Fighting
 * Level 4.4 Axes
 + Level 3.1 Armour
 + Level 2.6 Dodging


You had 5 spell levels left.
You didn't know any spells.
Your spell library contained the following spells:

 Spells                   Type           Power      Damage    Failure   Level
 Beastly Appendage        Tmut           0%         N/A       45%         1
 Slow                     Hex            0%         N/A       45%         1
 Wereblood                Tmut           0%         N/A       58%         2
 Confusing Touch          Hex            0%         N/A       82%         3
 Spider Form              Tmut/Pois      0%         N/A       82%         3
 Vampiric Draining        Necr           0%         2d6       82%         3


Dungeon Overview and Level Annotations

Branches:
Dungeon (4/15)
 Temple: D:4-7

Altars:
Uskayaw


Innate Abilities, Weirdness & Mutations

You are partially covered in icy blue scales. (AC +2)
You sometimes emit foul miasma when damaged in melee.
A meltable shield of frost defends you. (SH +4)
You have a pair of small horns on your head.
A frigid envelope surrounds you and freezes all who hurt you.
Your system is resistant to poisons. (rPois)
You are resistant to electric shocks. (rElec)
Your spells are a little harder to cast, but a little more powerful.


Message History

You hit the orc.
The shock serpent's electric aura discharges, shocking you!
You resist. The orc hits you with a +0 dagger.
The orc is very cold.
You kill the orc!
The shock serpent is engulfed in dark miasma.
The shock serpent looks even sicker.
The shock serpent shoots out a bolt of lightning at you!
The bolt of electricity hits you. You resist.
* * * LOW HITPOINT WARNING * * *
The bolt of electricity hits you. You resist.
* * * LOW HITPOINT WARNING * * *
You hit the shock serpent.
The shock serpent looks as sick as possible!
Your headbutt misses the shock serpent.
The shock serpent is almost dead.
The shock serpent changes into a slime creature!
You hit the slime creature.
The slime creature suddenly seems more agile.
The slime creature is heavily wounded.
You hit the slime creature. You burn the slime creature.
The slime creature is heavily wounded.
The slime creature is engulfed in dark miasma.
The slime creature seems to slow down.
The slime creature hits you!
* * * LOW HITPOINT WARNING * * *
The slime creature is very cold.
The slime creature is severely wounded.
It was a potion of might.
You feel very mighty all of a sudden.
Xom roars with laughter!
The slime creature is no longer moving slowly.
The slime creature changes into a broodmother!
You slash the broodmother! You burn the broodmother.
You headbutt the broodmother!
The broodmother is moderately wounded.
You block the broodmother's attack.
You slash the broodmother! You freeze the broodmother.
The broodmother is heavily wounded.
The broodmother bites you.
You die...
Xom is highly amused!

.. .# . # #. ##.##.########
#........)...#.#
#.....#....#.#.# #....@.#.#.#.#
###.#s)#...#.# ... # ..
#....#.#.# ... #.#
#....#.#.###..
#.####)#....#.#...###+#
###......##.....#.#.#.... # #
#..##b#..##.#..##.#......
#..#.##..#.##..#.##[.#.##......
#.o.s##o...##....##[...##....


You could see a broodmother shaped shifter.

Vanquished Creatures
  An ogre (D:3)
  A hound (D:4)
  4 orc priests
  An orc wizard (D:4)
  3 adders
  A gnoll (D:1)
  2 ufetubi
  4 worms
  A dart slug (D:1)
  17 orcs
  3 ball pythons
  10 endoplasms
  5 giant cockroaches
  4 goblins
  2 hobgoblins
  4 quokkas
  9 bats
  2 frilled lizards
  4 kobolds
  3 rats
81 creatures vanquished.

Vanquished Creatures (collateral kills)
  A worm (D:2)
1 creature vanquished.

Grand Total: 82 creatures vanquished

Notes
Turn   | Place    | Note
-------+----------+-------------------------------------------
     0 | D:1      | Azazsd the Demonspawn Chaos Knight began the quest for the
                  | Orb.
     0 | D:1      | Reached XP level 1. HP: 18/18 MP: 1/1
    36 | D:1      | XOM: potion effect (heal wounds)
    37 | D:1      | XOM: butterfly on damage
    39 | D:1      | Reached skill level 1 in Dodging
    39 | D:1      | Gained mutation: A meltable shield of frost defends you.
                  | (SH +4) [demonic ancestry]
    39 | D:1      | Reached XP level 2. HP: 2/24 MP: 2/2
   253 | D:1      | XOM: divination: detect items
   349 | D:1      | XOM: scenery: summon butterflies
   472 | D:1      | XOM: 7-stop teleportation journey
   530 | D:1      | Reached XP level 3. HP: 28/29 MP: 3/3
   843 | D:1      | XOM: divination: detect items
  1001 | D:1      | XOM: 8-stop teleportation journey
  1241 | D:2      | XOM: 2-stop teleportation journey
  1697 | D:2      | XOM: give mutations
  1697 | D:2      | Gained mutation: You have a pair of small horns on your
                  | head. [Xom's grace]
  1697 | D:2      | Gained mutation: Your system is resistant to poisons.
                  | (rPois) [Xom's grace]
  1697 | D:2      | Gained mutation: You have hidden genetic potential. [Xom's
                  | grace]
  1697 | D:2      | Gained mutation: A frigid envelope surrounds you and
                  | freezes all who hurt you. [Xom's grace]
  1701 | D:2      | XOM: cloud trail
  1725 | D:2      | XOM: cast spell 'Summon Ice Beast'
  1826 | D:2      | XOM: silly message
  1964 | D:3      | Noticed an ogre
  1965 | D:3      | XOM: confuse monster(s)
  1969 | D:3      | XOM: butterfly on damage
  1973 | D:3      | Killed an ogre
  1974 | D:3      | Gained mutation: You may rarely emit foul miasma when
                  | damaged in melee. [demonic ancestry]
  1974 | D:3      | Reached XP level 4. HP: 4/37 MP: 4/4
  1974 | D:3      | Gained mutation: You are partially covered in icy blue
                  | scales. (AC +2) [demonic ancestry]
  1974 | D:3      | Reached XP level 5. HP: 5/42 MP: 5/5
  1992 | D:3      | Gained mutation: Your spells are a little harder to cast,
                  | but a little more powerful. [hidden potential]
  2125 | D:3      | XOM: butterfly on damage
  2325 | D:3      | Found a faded altar of an unknown god.
  2390 | D:3      | Noticed a +0 dagger
  2391 | D:3      | Noticed a +0 spear
  2391 | D:3      | Noticed a +0 short sword
  2392 | D:3      | Noticed a +0 falchion
  2392 | D:3      | Noticed a +0 dagger
  2393 | D:3      | Noticed a +0 falchion
  2393 | D:3      | Noticed a +0 short sword
  2393 | D:3      | Noticed a +0 spear
  2398 | D:3      | Found a hide-covered altar of Uskayaw.
  2752 | D:3      | XOM: divination: detect creatures
  2870 | D:4      | Gained mutation: You sometimes emit foul miasma when
                  | damaged in melee. [demonic ancestry]
  2870 | D:4      | Reached XP level 6. HP: 49/49 MP: 6/6
  2937 | D:4      | Gained mutation: You are resistant to electric shocks.
                  | (rElec) [hidden potential]
  2937 | D:4      | Lost mutation: You have hidden genetic potential. [hidden
                  | potential expressed]
  3015 | D:4      | an orc changed into a shapeshifter
  3015 | D:4      | Noticed a shapeshifter (shapeshifter)
  3015 | D:4      | a shapeshifter changed into a culicivora
  3015 | D:4      | Noticed a culicivora (shapeshifter)
  3016 | D:4      | XOM: butterfly on damage
  3017 | D:4      | XOM: butterfly on damage
  3134 | D:4      | Noticed a shock serpent
  3143 | D:4      | a shock serpent changed into a slime creature
  3143 | D:4      | Noticed a slime creature (shapeshifter)
  3146 | D:4      | a slime creature changed into a broodmother
  3146 | D:4      | Noticed a broodmother (shapeshifter)
  3148 | D:4      | Slain by a broodmother (shapeshifter)

Illustrated notes

Levels and vault maps discovered:
D:1:      dpeg_arrival_windows_large_door, layout_basic,
          amcnicky_mini_rare_corridor_liquid
D:2:      layout_loops_ring, serial_forest, infiniplex_forest_diagonal,
          infiniplex_forest_end_double, infiniplex_forest_corner_2,
          infiniplex_forest_clump_small, infiniplex_forest_fountain,
          infiniplex_forest_lined_1, infiniplex_forest_end_2,
          minmay_misc_feat_rugged
D:3:      cheibrodos_pilgrimage, layout_basic, nicolae_uskayaw_en_pointe,
          ebering_ecumenical_altar_petrified, hex_large, serial_park_tiny_2,
          minivault_11
D:4:      layout_basic, minmay_temple_entry_enclosed_plants,
          nicolae_eternal_life, minmay_misc_feat_nine_boxes,
          minmay_ogre_servants

Skill      XL: |  1  2  3  4  5  6 |
---------------+-------------------+-----
Armour         | 2 3 |  3.1
Dodging        | 1 2 |  2.6
Axes           | 3 4 |  4.4
Fighting       | 4 |  4.9

Action                     |  1- 3 |  4- 6 || total
---------------------------+-------+-------++-------
  Melee: Hand axe          |   105 |    81 ||   186
         Punch             |     1 |     2 ||     3
         Headbutt          |     3 |    13 ||    16
    Use: Scroll            |       |     1 ||     1
         Potion            |       |     1 ||     1
 Armour: Leather armour    |    39 |    29 ||    68
  Dodge: Dodged            |    52 |    36 ||    88
  Block: Other             |     9 |    13 ||    22
